 Dungeon Crawl Stone Soup version 0.22-a0-614-g34fbaa0 (webtiles) character file.

184 Dmuffinman the Slasher (level 5, -2/47 HPs)
             Began as a Minotaur Berserker on July 18, 2018.
             Was a Believer of Trog.
             Killed from afar by a hobgoblin (20 damage)
             ... with a wand of acid (8)
             ... on level 3 of the Dungeon.
             The game lasted 00:17:49 (2823 turns).

Dmuffinman the Slasher (Minotaur Berserker)         Turns: 2823, Time: 00:17:49

Health: -2/47      AC:  9    Str: 21    XL:     5   Next: 36%
Magic:  3/3        EV: 11    Int:  4    God:    Trog [**....]
Gold:   168        SH:  3    Dex: 11    Spells: 4/4 levels left

rFire    . . .     SeeInvis .   m - +2 falchion (protect)
rCold    . . .     Gourm    .   f - +0 buckler
rNeg     . . .     Faith    .   h - +0 leather armour
rPois    .         Spirit   .   (helmet restricted)
rElec    .         Reflect  .   (no cloak)
rCorr    .         Harm     .   t - +0 pair of gloves
MR       .....     Clarity  +   i - +1 pair of boots
Stlth    +.........             q - amulet of magic regeneration
HPRegen  0.55/turn              (no ring)
MPRegen  0.33/turn              (no ring)

@: corroded, protection aura
A: retaliatory headbutt, horns 2, clarity, low mp 1, regeneration 1
a: Berserk, Trog's Hand, Renounce Religion


You were on level 3 of the Dungeon.
You worshipped Trog.
Trog was pleased with you.
You were not hungry.

You visited 1 branch of the dungeon, and saw 4 of its levels.

You collected 168 gold pieces.

Inventory:

Hand Weapons
 a - a +0 falchion
 k - a cursed +0 hunting sling
 m - a +2 falchion of protection (weapon)
Missiles
 l - 76 sling bullets
 o - 20 bolts
Armour
 f - a +0 buckler (worn)
 h - a +0 leather armour (worn)
 i - a +1 pair of boots (worn)
 t - a +0 pair of gloves (worn)
Jewellery
 q - an amulet of magic regeneration (around neck)
Potions
 b - 2 potions of ambrosia {unknown}
 d - a potion of degeneration {unknown}
 e - a potion of mutation
 g - a potion of cancellation {unknown}
 n - 2 potions of agility {unknown}
 s - a potion of curing {unknown}
Comestibles
 c - 8 rations
 j - 7 chunks of flesh


   Skills:
 + Level 4.5 Fighting
 * Level 6.3 Long Blades
 + Level 2.9 Armour
 + Level 2.7 Dodging
 + Level 0.3 Stealth


You had 4 spell levels left.
You didn't know any spells.
Your spell library was empty.

Dungeon Overview and Level Annotations

Branches:
Dungeon (4/15)
 Temple: D:4-7

Altars:
Hepliaklqana


Innate Abilities, Weirdness & Mutations

You reflexively headbutt those who attack you in melee.
You have a pair of horns on your head.
You possess an exceptional clarity of mind.
Your magical capacity is low. (-10% MP)
Your natural rate of healing is unusually fast.


Message History

You kill the goblin!
Trog accepts your kill.
You hear a shout!
The gnoll hits you but does no damage. The gnoll hits you but does no damage.
You slash the gnoll!
The gnoll is heavily wounded.
The goblin unwields an uncursed hunting sling.
The goblin hits you but does no damage. The gnoll hits you but does no damage.
You slash the gnoll!
You kill the gnoll!
Trog accepts your kill.
The hobgoblin zaps a wand.
The bolt of acid hits you! The acid corrodes you!
You are splashed with acid!
The acid burns!
It is a wand of acid (8).
The goblin barely misses you.
A gnoll comes into view. It is wielding a club.
The goblin shoots a stone.
The stone closely misses you.
You barely miss the goblin.
The hobgoblin zaps a wand.
The bolt of acid hits you!
You die...

######### #........ +........
#######....... ##+ ..........#
g... ..........# .....
..........########g.....
#######...÷(....@)g..#
+......[..)g...# #≈≈≈≈≈≈≈
#..............# #≈≈≈≈≈≈≈
###################### #≈≈≈≈≈≈≈
≈≈≈≈≈≈≈≈≈≈≈≈≈≈≈≈≈≈≈≈≈#####≈≈≈≈≈≈≈
≈≈≈≈≈≈≈≈≈≈≈≈≈≈≈≈≈≈≈≈≈≈≈≈≈≈≈≈≈≈≈≈≈
≈≈≈≈≈≈≈≈≈≈≈≈≈≈≈≈≈≈≈≈≈≈≈≈≈≈≈≈≈≈≈≈≈
≈≈≈≈≈≈≈..≈≈≈≈≈≈≈≈...≈≈≈.≈..≈≈.≈..
.................................


You could see a gnoll, a hobgoblin and 2 goblins.

Vanquished Creatures
  Robin (D:2)
  A gnoll (D:3)
  7 adders
  An ooze (D:2)
  A worm (D:2)
  3 leopard geckos
  3 orcs (D:3)
  3 ball pythons
  7 bats
  3 giant cockroaches
  17 goblins
  13 hobgoblins
  4 jackals (D:2)
  8 kobolds
  13 rats
85 creatures vanquished.

Notes
Turn   | Place    | Note
-------+----------+-------------------------------------------
     0 | D:1      | Dmuffinman the Minotaur Berserker began the quest for the Orb.
     0 | D:1      | Reached XP level 1. HP: 19/19 MP: 0/0
   220 | D:1      | Reached skill level 4 in Long Blades
   229 | D:1      | Reached XP level 2. HP: 27/27 MP: 1/1
   567 | D:2      | Reached XP level 3. HP: 30/33 MP: 2/2
   599 | D:2      | Found a hazy altar of Hepliaklqana.
   730 | D:2      | Reached skill level 5 in Long Blades
  1041 | D:2      | Gained mutation: Your magical capacity is low. (-10% MP) [potion of mutation]
  1041 | D:2      | Gained mutation: Your natural rate of healing is unusually fast. [potion of mutation]
  1041 | D:2      | Gained mutation: You possess an exceptional clarity of mind. [potion of mutation]
  1166 | D:2      | Found a faded altar of an unknown god.
  1227 | D:2      | Reached XP level 4. HP: 40/40 MP: 2/2
  1253 | D:2      | Reached ** piety under Trog
  1611 | D:2      | Noticed Robin
  1621 | D:2      | Killed Robin
  1935 | D:2      | Reached skill level 6 in Long Blades
  1935 | D:2      | Reached XP level 5. HP: 42/47 MP: 3/3
  2823 | D:3      | Killed from afar by a hobgoblin

Vault maps used:
D:1:      tarquinn_simple_flora_water_e
D:2:      lemuel_doored_altar, chequers_ecumenical_altar_grove, uniq_robin
D:3:      minmay_goblin_kobold_castle, nicolae_ru_great_annihilating_truth
D:4:      minmay_temple_entry_statues_pillars, first_ration

Skill      XL: |  1  2  3  4 |
---------------+-------------+-----
Long Blades    | 4 5 6 |  6.3
Fighting       | 4 |  4.5
Armour         | |  2.9
Dodging        | |  2.7
Stealth        | |  0.3

Action                   |  1- 3 |  4- 6 || total
-------------------------+-------+-------++-------
Melee: Falchion          |    83 |    92 ||   175
       Headbutt          |     8 |    10 ||    18
Invok: Berserk           |     1 |     1 ||     2
       Trog's Hand       |       |     1 ||     1
  Use: Scroll            |     1 |     1 ||     2
       Potion            |     1 |       ||     1
  Eat: Chunk             |     2 |     6 ||     8
Armor: Leather armour    |    17 |    38 ||    55
       Animal skin       |     1 |       ||     1
Dodge: Dodged            |    47 |    52 ||    99
Block: Buckler           |       |     2 ||     2
       Rpst.: Falchion   |    10 |    11 ||    21

Table legend:
 A = Spawn XP
 B = Non-spawn XP
 C = Spawn XP percentage of total XP
 D = Spawn monster count
 E = Non-spawn monster count
 F = Spawn count percentage of total count
 G = Total turns spent on level
                    A         B        C        D         E        F      G
               +---------+---------+-------+---------+---------+-------+---------
         Total |       0 |     263 |   0.0 |       0 |      85 |   0.0 |  2823
               +---------+---------+-------+---------+---------+-------+---------
           D:1 |       0 |      44 |   0.0 |       0 |      27 |   0.0 |   890
           D:2 |       0 |     137 |   0.0 |       0 |      33 |   0.0 |  1388
           D:3 |       0 |      79 |   0.0 |       0 |      24 |   0.0 |   495
           D:4 |       0 |       3 |   0.0 |       0 |       1 |   0.0 |    50
               +---------+---------+-------+---------+---------+-------+---------
